Map: Amphion LE

Players

DaSaltBai - Winner!

  • Race: Terran Terran
  • League: Diamond
  • Spawn Location: 7:00

Hobbes

  • Race: Zerg Zerg
  • League: Diamond
  • Spawn Location: 11:00

VOD

Have the link to the VOD?

Description

Time

  • Played on: July 5, 2024, 5:35 p.m.
  • Length: 30:57
Show
View Real Time Build Order
Export as new Build Order

DaSaltBai Terran - Winner!

Build Orders: Cyclone Opening 

Get SALT Encoding   

  12  0:02  SCV  
  13  0:14  SCV  
  14  0:26  SCV  
  14  0:28  Supply Depot  
  15  0:49  Engineering Bay, SCV  
  16  1:01  Barracks, Engineering Bay  
  16  1:10  SCV  
  17  1:14  Refinery  
  17  1:22  SCV  
  18  1:30  Refinery  
  18  1:34  SCV  
  19  1:46  SCV  
  20  1:57  Marine, Supply Depot  
  20  2:09  Factory  
  20  2:15  Marine  
  21  2:18  SCV  
  22  2:28  Bunker  
  22  2:30  SCV  
  22  2:32  Marine  
  24  2:42  SCV  
  25  2:50  Marine  
  26  2:57  Cyclone  
  28  2:58  Starport  
  28  3:01  Supply Depot  
  28  3:08  Orbital Command  
  28  3:37  Fusion Core  
  28  3:41  Starport Tech Lab, Starport  
  28  3:53  Engineering Bay  
  28  3:55  SCV  
  28  3:57  Supply Depot  
  29  4:14  Supply Depot  
  29  4:24  Starport Tech Lab  
  27  4:48  Battlecruiser  
  33  4:56  Orbital Command  
  31  5:00  Supply Depot  
  31  5:05  Orbital Command  
  31  5:18  Orbital Command  
  29  6:03  SCV  
  30  6:08  Refinery  
  30  6:15  SCV  
  33  6:25  Liberator  
  35  6:35  Orbital Command  
  23  7:50  Refinery  
  23  7:51  SCV  
  24  8:03  SCV  
  25  8:15  SCV  
  26  8:27  SCV  
  27  8:39  SCV  
  28  9:26  SCV  
  29  9:38  Supply Depot, SCV  
  30  9:40  Command Center  
  30  9:42  Command Center  
  30  9:50  SCV  
  31  10:08  Factory Reactor  
  31  10:21  Missile Turret  
  31  10:31  SCV  
  32  10:44  SCV  
  32  10:47  Widow Mine x2  
  37  11:01  SCV  
  38  11:08  Widow Mine x2  
  42  11:13  Barracks  
  42  11:21  Planetary Fortress  
  42  11:26  Armory  
  42  11:28  SCV  
  42  11:30  Supply Depot  
  42  11:32  Planetary Fortress  
  43  11:40  SCV  
  43  11:44  Widow Mine x2  
  48  11:52  SCV  
  49  11:57  Supply Depot  
  49  11:58  Supply Depot  
  49  12:03  SCV  
  49  12:04  SCV  
  49  12:05  Ghost Academy, Widow Mine  
  53  12:09  SCV  
  53  12:15  SCV  
  55  12:17  SCV  
  55  12:21  SCV  
  57  12:27  SCV  
  58  12:39  Missile Turret  
  58  12:40  Missile Turret  
  58  12:48  SCV  
  59  13:15  Missile Turret  
  59  13:17  Cyclone  
  59  13:18  Cyclone  
  63  13:37  SCV x2  
  63  13:40  Missile Turret  
  65  13:42  Missile Turret  
  65  13:49  SCV  
  65  13:50  Cyclone  
  68  13:58  Refinery  
  68  13:59  Refinery  
  68  14:05  Cyclone  
  61  14:32  Cyclone  
  61  14:37  Cyclone  
  65  14:39  Factory  
  65  14:40  Barracks Tech Lab  
  65  14:46  Factory  
  60  15:04  Cyclone  
  64  15:17  Command Center  
  66  15:33  Personal Cloaking  
  64  15:45  SCV x2  
  66  15:54  Unknown  
  66  15:57  SCV  
  67  16:08  Ghost Academy  
  67  16:27  Barracks  
  67  16:45  Barracks  
  66  17:29  Nuke  
  64  17:42  Factory Tech Lab x2  
  64  17:46  Medivac  
  66  17:53  Nuke  
  66  18:00  Missile Turret  
  66  18:02  Siege Tank x2, Missile Turret  
  66  18:03  Command Center  
  72  18:16  Medivac  
  74  18:42  Nuke  
  74  18:43  Nuke  
  72  18:53  Hellion x4  
  80  19:01  Planetary Fortress  
  80  19:03  Missile Turret  
  80  19:04  Refinery  
  80  19:06  SCV  
  80  19:07  SCV  
  80  19:09  Missile Turret  
  84  19:18  SCV  
  84  19:19  SCV  
  86  19:35  Thor x2  
  86  19:38  Unknown  
  100  19:42  Factory  
  100  20:07  Unknown  
  100  20:18  Thor x2  
  112  20:27  Refinery  
  96  21:30  Siege Tank x2  
  84  21:51  Factory Tech Lab  
  84  21:54  Factory  
  84  21:56  Nuke  
  84  21:58  Factory  
  84  22:02  Siege Tank x2  
  90  22:12  Nuke  
  88  22:16  Hellion x2  
  92  22:27  Thor  
  98  22:30  Planetary Fortress  
  98  22:32  SCV x2  
  98  22:34  Thor x2  
  102  23:08  Factory Tech Lab x2  
  102  23:09  Thor  
  102  23:17  Thor x2  
  114  23:22  Supply Depot  
  114  23:23  Supply Depot  
  108  24:05  Thor x2  
  108  24:06  Siege Tank  
  108  24:08  Hellion  
  123  24:14  Refinery  
  123  24:16  Refinery  
  123  24:21  Medivac  
  125  24:42  Orbital Command  
  125  24:45  Command Center  
  125  25:19  Unknown  
  125  25:26  Starport  
  125  25:29  Starport Reactor, Starport  
  125  25:47  Refinery  
  125  25:49  Refinery  
  125  26:10  Viking x2  
  129  26:12  Starport Reactor  
  129  26:15  Viking x2  
  125  26:40  Viking  
  127  26:55  Viking  
  127  26:56  Viking x4  
  137  27:10  Viking  
  139  27:25  Viking  
  139  27:26  Viking x4  
  149  27:30  Thor  
  149  27:35  Planetary Fortress  
  153  27:40  Viking  
  130  30:18  Siege Tank, Viking x2  
  123  30:21  Siege Tank  
Show
View Real Time Build Order
Export as new Build Order

Hobbes Zerg 

Build Orders: 1 Base Baneling Bust, Pool First, Zergling Baneling 

Get SALT Encoding   

  12  0:24  Spawning Pool, Drone  
  12  0:27  Drone  
  13  0:34  Extractor  
  13  0:35  Drone  
  13  0:39  Drone  
  14  0:48  Overlord  
  14  1:14  Queen  
  16  1:19  Zergling x6  
  19  1:35  Drone  
  20  1:53  Metabolic Boost  
  20  1:54  Zergling x2  
  20  1:55  Zergling x2  
  21  2:30  Overlord x3  
  21  2:40  Baneling Nest  
  20  2:48  Queen  
  22  2:53  Hatchery  
  22  2:56  Zergling x4  
  23  3:10  Drone  
  23  3:11  Drone  
  25  3:32  Baneling x5  
  25  3:34  Zergling x2  
  25  3:35  Zergling x4  
  28  3:44  Zergling x4  
  30  3:58  Zergling x4  
  26  4:28  Zergling x14  
  32  4:33  Zergling x2  
  32  4:38  Baneling x4  
  32  4:43  Zergling x2  
  32  4:44  Zergling x2  
  33  5:03  Zergling x6  
  33  5:05  Baneling x2  
  33  5:06  Baneling  
  34  5:26  Zergling x10  
  33  5:47  Zergling x6  
  32  5:59  Spore Crawler  
  32  6:00  Drone x3  
  31  6:11  Spore Crawler  
  31  6:17  Spore Crawler  
  29  6:28  Baneling x2  
  23  6:58  Drone  
  23  6:59  Drone x4  
  28  7:03  Spore Crawler  
  25  7:17  Baneling  
  25  7:18  Baneling x3  
  25  7:21  Drone x3  
  27  7:25  Lair  
  27  7:28  Extractor  
  23  7:50  Drone x4  
  23  8:13  Drone x2  
  17  8:36  Queen  
  17  8:39  Drone  
  17  8:40  Drone  
  15  8:54  Drone  
  15  9:01  Spire  
  8  9:04  Drone  
  8  9:20  Drone x2  
  10  9:30  Drone  
  11  9:41  Hatchery  
  10  9:47  Drone  
  10  9:52  Drone  
  12  10:00  Drone  
  13  10:12  Drone x2  
  15  10:23  Drone  
  16  10:37  Corruptor  
  18  10:54  Corruptor  
  20  11:00  Drone x2  
  22  11:04  Queen  
  24  11:17  Drone x2  
  26  11:26  Corruptor  
  26  11:31  Drone x2  
  30  11:47  Overlord  
  30  11:48  Overlord  
  30  12:10  Corruptor  
  32  12:18  Hatchery  
  31  12:31  Spine Crawler  
  30  12:39  Corruptor  
  30  13:15  Corruptor x3  
  34  13:47  Drone x6  
  40  13:56  Drone  
  40  13:57  Drone  
  42  14:05  Drone  
  34  14:36  Drone  
  34  14:37  Drone x5  
  38  15:02  Drone x5  
  41  15:22  Extractor  
  41  15:23  Extractor  
  41  15:24  Roach Warren  
  41  15:26  Drone  
  41  15:27  Drone x4  
  43  15:32  Queen  
  45  15:51  Drone x3  
  45  15:52  Drone x2  
  45  15:56  Queen  
  51  16:20  Glial Reconstitution  
  51  16:27  Overlord x4  
  51  16:35  Zerg Flyer Armor Level 1  
  51  16:58  Roach  
  51  16:59  Roach x9  
  58  17:30  Overseer  
  58  17:32  Roach  
  58  17:33  Roach x3  
  66  17:42  Queen  
  68  17:53  Zergling x10  
  73  18:10  Infestation Pit  
  73  18:11  Drone  
  73  18:12  Drone x2  
  75  18:36  Hatchery  
  72  18:52  Drone x5  
  72  18:54  Hive  
  77  19:19  Spore Crawler  
  76  19:30  Zerg Flyer Armor Level 2  
  76  19:31  Overseer  
  76  19:48  Extractor x2  
  74  19:53  Roach  
  74  19:54  Roach x7  
  74  19:56  Overlord x2  
  90  20:17  Drone x10  
  90  20:18  Drone  
  100  20:33  Drone  
  100  20:34  Drone x2  
  100  20:52  Spore Crawler  
  100  20:54  Spine Crawler  
  98  21:03  Drone x9  
  88  21:25  Roach  
  80  21:48  Drone x5  
  80  21:49  Drone x2  
  80  21:53  Overseer  
  86  22:25  Corruptor x2  
  86  22:26  Greater Spire  
  90  22:30  Drone x5  
  90  22:31  Drone x2  
  97  22:39  Spine Crawler  
  97  22:40  Spore Crawler  
  91  22:46  Corruptor x4  
  95  23:14  Drone x2  
  95  23:15  Drone x2  
  95  23:19  Pneumatized Carapace  
  99  23:39  Drone  
  99  23:40  Drone  
  101  23:50  Hatchery  
  96  24:00  Zerg Flyer Armor Level 3  
  90  24:06  Drone x5  
  95  24:18  Spine Crawler  
  94  24:25  Drone  
  94  24:26  Drone x9  
  104  24:49  Spore Crawler  
  103  25:04  Brood Lord  
  103  25:05  Brood Lord x3  
  105  25:10  Overlord x4  
  105  25:24  Extractor  
  105  25:25  Extractor  
  105  25:26  Neural Parasite  
  103  25:40  Roach x4  
  111  25:50  Hatchery  
  110  25:58  Roach  
  110  25:59  Roach x6  
  110  26:02  Ravager x6  
  130  26:06  Ravager  
  127  26:36  Roach  
  127  26:37  Roach x4  
  137  26:41  Overlord  
  137  26:42  Overlord x3  
  137  27:06  Brood Lord  
  137  27:07  Brood Lord x3  
  143  27:47  Roach  
  143  27:48  Roach x7  
  159  27:53  Drone  
  160  28:12  Corruptor x3  
  144  28:18  Drone  
  144  28:19  Drone x4  
  118  28:51  Corruptor x5, Drone x2  
  130  29:00  Viper x3  
  139  29:04  Queen  
  139  29:07  Queen  
  116  29:49  Roach x14  
  128  30:07  Roach x6  
Tags
 
Add a new tag
Caveats
  • Supply blocks, unpowered buildings, or Contaminate may cause inaccurate times.
  • Supply counts are checked every 10 seconds.